 Dungeon Crawl Stone Soup version 0.21.1-1-g345015f (webtiles) character file.

37703 inmateoo the Lord of Darkness (level 13, -8/171 HPs)
             Began as a Naga Summoner on Feb 10, 2018.
             Was the Champion of Kikubaaqudgha.
             Killed from afar by a frost giant (41 damage)
             ... with a bolt of cold
             ... on level 15 of the Dungeon.
             The game lasted 00:55:52 (20467 turns).

inmateoo the Lord of Darkness (Naga Summoner)      Turns: 20467, Time: 00:55:53

Health: -8/171     AC: 26    Str: 21    XL:     13   Next: 98%
Magic:  19/26      EV:  1    Int: 19    God:    Kikubaaqudgha [******]
Gold:   761        SH:  5    Dex: 14    Spells: 5/31 levels left

rFire    . . .     SeeInvis +   q - +3 dagger (venom)
rCold    . . .     Gourm    .   (no shield)
rNeg     + + +     Faith    .   (armour currently unavailable)
rPois    +         Spirit   .   (helmet currently unavailable)
rElec    .         Reflect  +   (cloak currently unavailable)
rCorr    .         Harm     .   (gloves currently unavailable)
MR       ++...     NoTele   +   (no barding)
Stlth    +++++.....             L - +5 amulet of reflection
HPRegen  0.38/turn              i - ring of protection from magic
MPRegen  0.20/turn              y - +6 ring of strength

@: mighty, tree-form
A: large, see invisible, slow metabolism 1, spit poison 1, AC +4
a: Spit Poison, Receive Corpses, Torment, Renounce Religion


You were on level 15 of the Dungeon.
You worshipped Kikubaaqudgha.
Kikubaaqudgha was exalted by your worship.
You were hungry.
You were a tree.
You visited 1 branch of the dungeon, and saw 15 of its levels.

You collected 1181 gold pieces.
You spent 420 gold pieces at shops.

Inventory:

Hand Weapons
 o - the +8 demon blade "Leech" {vamp, rN+ AC-3 EV-3}
   (You found it on level 11 of the Dungeon)

   It inflicts no extra harm, but heals its wielder when it wounds a living foe.
   It affects your AC (-3).
   It affects your evasion (-3).
   It protects you from negative energy.
 q - a +3 dagger of venom (weapon)
 C - a +0 quarterstaff of protection
 G - a +3 trident of flaming
Missiles
 s - 3 throwing nets (quivered)
Armour
 l - the +4 chain mail of the Moneychanger {-Tele rCorr Int+7}
   (You found it on level 13 of the Dungeon)

   It affects your intelligence (+7).
   It prevents most forms of teleportation.
   It protects you from acid and corrosion.
 w - a +2 robe of cold resistance (melded)
 D - a +0 naga barding of flying (melded)
 H - a +2 helmet (melded)
 M - the +0 pair of gloves of the Fife (melded) {rElec}
   (You found it on level 10 of the Dungeon)

   It insulates you from electricity.
Magical Staves
 f - an uncursed staff of death
Jewellery
 d - an uncursed ring of ice
 i - a ring of protection from magic (left branch)
 y - a +6 ring of strength (right branch)
 L - a +5 amulet of reflection (around neck)
Wands
 e - a wand of polymorph (58)
 g - a wand of acid (3)
 x - a wand of flame (60)
 P - a wand of disintegration (11)
 T - a wand of paralysis (10)
Scrolls
 j - 5 scrolls of magic mapping
 m - 4 scrolls of amnesia
 n - 9 scrolls of remove curse
 r - 4 scrolls of enchant armour
 I - a scroll of teleportation
 R - 2 scrolls of identify
 S - a scroll of enchant weapon
Potions
 h - 9 potions of curing
 k - 4 potions of brilliance
 t - 3 potions of flight
 u - 2 potions of haste
 v - a potion of lignification
 E - a potion of might
 F - a potion of cancellation
 J - 2 potions of resistance
 O - a potion of mutation
 Q - a potion of ambrosia
Books
 b - a book of Callings

   Spells                             Type                      Level
   a - Summon Small Mammal            Summoning                    1
   b - Call Imp                       Summoning                    2
   c - Call Canine Familiar           Summoning                    3
   d - Summon Guardian Golem          Hexes/Summoning              3
   e - Summon Lightning Spire         Summoning/Air                4
   f - Summon Ice Beast               Ice/Summoning                4
 p - Kikubaaqudgha's Compendium of Dark Secrets
   (Kikubaaqudgha gifted it to you on level 6 of the Dungeon)

   Spells                             Type                      Level
   a - Excruciating Wounds            Charms/Necromancy            5
   b - Bolt of Draining               Conjuration/Necromancy       5
   c - Dispel Undead                  Necromancy                   5
   d - Simulacrum                     Ice/Necromancy               6
   e - Death Channel                  Necromancy                   6
 z - a book of Misfortune

   Spells                             Type                      Level
   a - Confusing Touch                Hexes                        1
   b - Confuse                        Hexes                        3
   c - Gell's Gravitas                Translocation                3
   d - Petrify                        Transmutation/Earth          4
   e - Metabolic Englaciation         Hexes/Ice                    5
   f - Yara's Violent Unravelling     Hexes/Transmutation          5
 A - a book of Battle

   Spells                             Type                      Level
   a - Infusion                       Charms                       1
   b - Shroud of Golubria             Charms/Translocation         2
   c - Song of Slaying                Charms                       2
   d - Spectral Weapon                Hexes/Charms                 3
   e - Regeneration                   Charms/Necromancy            3
 B - Kikubaaqudgha's Reference Book on Darkness
   (Kikubaaqudgha gifted it to you on level 4 of the Dungeon)

   Spells                             Type                      Level
   a - Animate Skeleton               Necromancy                   1
   b - Pain                           Necromancy                   1
   c - Sublimation of Blood           Necromancy                   2
   d - Regeneration                   Charms/Necromancy            3
 K - a Necronomicon

   Spells                             Type                      Level
   a - Haunt                          Necromancy/Summoning         7
   b - Borgnjor's Revivification      Necromancy                   8
   c - Death's Door                   Charms/Necromancy            8
   d - Infestation                    Necromancy                   8
   e - Necromutation                  Transmutation/Necromancy     8
Comestibles
 c - 18 rations


   Skills:
 + Level 6.7 Fighting
 - Level 4.0 Short Blades
 - Level 3.0 Staves
   Level 0.5 Slings
 - Level 3.0 Armour
 + Level 6.2 Dodging
 + Level 10.5 Stealth
 + Level 9.8 Spellcasting
 - Level 10.0 Summonings
 + Level 12.6 Necromancy
 - Level 3.0 Ice Magic
 - Level 4.1 Air Magic


You had 5 spell levels left.
You knew the following spells:

 Your Spells              Type           Power        Failure   Level  Hunger
a - Regeneration          Chrm/Necr      ####......   1%          3    None
b - Call Imp              Summ           #####...     1%          2    None
c - Call Canine Familiar  Summ           #####...     1%          3    None
d - Summon Lightning Spi  Summ/Air       #####...     4%          4    ###....
e - Summon Ice Beast      Ice/Summ       ####....     4%          4    ###....
f - Dispel Undead         Necr           ######..     1%          5    #####..
g - Bolt of Draining      Conj/Necr      ####......   16%         5    #####..


Dungeon Overview and Level Annotations

Branches:
Dungeon (15/15)            Temple (0/1) D:6            Lair (0/6) D:8
    Orc (0/2) D:12         Vaults (0/5) D:14         Depths (0/5) D:15

Altars:
Ashenzari
Cheibriados
Elyvilon
Fedhas
Hepliaklqana
Kikubaaqudgha
Makhleb
Okawaru
Qazlal
Vehumet
Wu Jian
Xom
Zin
The Shining One

Shops:
D:8 [*

Annotations:
D:2 exclusion: oklob plant


Innate Abilities, Weirdness & Mutations

You cannot wear boots.
((Your serpentine skin is tough. (AC +4)))
You have supernaturally acute eyesight. (SInv)
((Armour fits poorly on your strangely shaped body.))
((Your system is resistant to poisons. (rPois)))
((You cover ground very slowly.))
You have a slow metabolism.
You can spit poison.
((You can use your snake-like lower body to constrict enemies.))


Message History

The bolt of cold hits you! You resist.
Unknown command.
Your crimson imp blinks!
Unknown command.
You feel very mighty all of a sudden.
Your crimson imp blinks!
The frost giant hits you with a battleaxe of freezing!!
* * * LOW HITPOINT WARNING * * *
The frost giant freezes you.
* * * LOW HITPOINT WARNING * * *
Unknown command.
You turn into a tree.
Your +2 helmet melds into your body.
The +0 pair of gloves of the Fife {rElec} melds into your body.
Your +0 naga barding of flying melds into your body.
Your +2 robe of cold resistance melds into your body.
You feel less resistant to cold.
Your roots penetrate the ground.
The frost giant points at you and mumbles some strange words.
The bolt of cold hits you!
You die...
Kikubaaqudgha rasps: "You have failed me!
Welcome... death!"

##.......####..# ##...# #..##.
....#.#..#.....# ##..## ##.....
...#####.......###....## ##......
...##.#........#...##..###.......
#..##.....##.#....####........##.
##........##.....###....#...####.
##...........#...........#.## #.
#...........###.............## #.
............####♣.##.........###.
..............#.C####...####..#((
...#..#......(...# #..## ##..()
..#..##........5.########## #.##)
#...............§#≈≈.....c. ####.
#.....)........8.#≈.#≈≈≈# ' #.
.................#......#... ###.
..............[..'.##≈..'.>.##...
.................#......#.. #....


You could see a frost giant, a friendly lightning spire and a friendly crimson
imp.

Vanquished Creatures
  2 centaur warriors
  2 hydras
  5 two-headed ogres
  An ogre mage (D:15)
  A skeletal warrior (D:15)
  3 unseen horrors
  A flayed ghost (D:15)
  An orc knight (D:11)
  A manticore (D:14)
  7 ugly things
  A deep elf mage (D:14)
  A cyclops (D:11)
  4 centaur zombies
  2 gargoyles
  A freezing wraith (D:15)
  A komodo dragon (D:15)
  2 slime creatures (D:14)
  3 hippogriffs
  A spriggan (D:7)
  3 yaks (D:11)
  A hungry ghost (D:12)
  Eustachio (D:6)
  5 vampire mosquitoes
  A soldier ant (D:15)
  An acid dragon (D:15)
  Duvessa (D:5)
  4 orc warriors
  An eye of draining (D:8)
  A sky beast (D:13)
  A slave (D:4)
  8 ogres
  10 centaurs
  2 big kobolds
  8 bullfrogs
  Blork the orc (D:4)
  A wyvern zombie (D:13)
  A wyvern skeleton (D:12)
  3 scorpions
  2 killer bees (D:9)
  2 troll zombies (D:12)
  2 wights (D:12)
  3 howler monkeys
  6 crimson imps
  A bullfrog zombie (D:12)
  2 hounds
  2 jellies
  9 centaur skeletons
  3 orc priests
  6 orc wizards
  3 iguanas
  11 worker ants
  An ogre zombie (D:12)
  A bullfrog simulacrum (D:10)
  A worker ant zombie (D:7)
  5 gnolls
  7 adders
  2 white imps (D:10)
  An adder zombie (D:9)
  4 worms
  4 leopard geckos
  26 orcs
  A ball python (D:2)
  4 bats
  5 giant cockroaches
  6 goblins
  10 hobgoblins
  6 jackals
  5 quokkas
  A ball python skeleton (D:4)
  2 frilled lizards
  2 goblin skeletons (D:12)
  2 hobgoblin zombies (D:12)
  A jackal skeleton (D:5)
  22 kobolds
  3 orc zombies (D:12)
  A quokka skeleton (D:9)
  5 rats
274 creatures vanquished.

Vanquished Creatures (collateral kills)
  An ogre mage (D:15)
  2 hydras
  3 centaur warriors
  6 two-headed ogres
  Urug (D:15)
  An unseen horror (D:13)
  3 wizards
  Pikel (D:4)
  An orc sorcerer (D:11)
  A wolf spider zombie (D:15)
  3 ugly things
  2 cyclopes
  Joseph (D:8)
  2 gargoyles
  A centaur skeleton (D:10)
  2 komodo dragons (D:12)
  A polar bear (D:10)
  7 trolls
  A hornet (D:9)
  Prince Ribbit (D:9)
  7 slime creatures
  A vampire (D:11)
  2 wraiths
  2 wyverns
  2 basilisks
  A human (shapeshifter) (D:13)
  2 hungry ghosts
  6 vampire mosquitoes
  An acid dragon (D:14)
  A water moccasin (D:9)
  3 soldier ants
  10 orc warriors
  4 phantoms
  2 ice beasts (D:10)
  2 sky beasts
  A black bear (D:9)
  3 slaves (D:4)
  3 necrophages
  A wolf (D:10)
  5 ogres
  8 centaurs
  A crocodile (D:13)
  5 bullfrogs
  A big kobold (D:11)
  A wyvern zombie (D:14)
  Dowan (D:5)
  3 scorpions
  12 killer bees
  A troll zombie (D:12)
  10 wights
  3 electric eels
  A howler monkey (D:6)
  2 centaur zombies
  8 crimson imps
  A quasit (D:9)
  A water moccasin simulacrum (D:10)
  3 jellies
  4 hounds
  6 orc priests
  3 orc wizards
  A bullfrog skeleton (D:8)
  4 iguanas
  4 worker ants
  A centaur simulacrum (D:10)
  A bullfrog simulacrum (D:10)
  2 ogre zombies (D:12)
  A hound skeleton (D:9)
  A hound zombie (D:7)
  Robin (D:4)
  8 adders
  9 gnolls
  5 shadow imps
  A white imp (D:10)
  A worker ant simulacrum (D:10)
  An ooze (D:3)
  2 worms
  2 leopard geckos
  46 orcs
  3 giant cockroaches
  11 goblins
  4 hobgoblins
  7 jackals
  2 quokkas
  7 bats
  A goblin skeleton (D:12)
  2 goblin zombies (D:12)
  A hobgoblin skeleton (D:12)
  A hobgoblin zombie (D:12)
  A jackal zombie (D:5)
  19 kobolds
  2 orc skeletons (D:12)
  5 orc zombies (D:12)
  2 rats
334 creatures vanquished.

Vanquished Creatures (others)
  A plant (D:5)
1 creature vanquished.

Grand Total: 609 creatures vanquished

Notes
Turn   | Place    | Note
-------+----------+-------------------------------------------
     0 | D:1      | inmateoo the Naga Summoner began the quest for the Orb.
     0 | D:1      | Reached XP level 1. HP: 15/15 MP: 3/3
   276 | D:1      | Reached XP level 2. HP: 14/22 MP: 5/5
   283 | D:1      | Learned a level 2 spell: Call Imp
   812 | D:1      | Reached XP level 3. HP: 17/28 MP: 6/6
   817 | D:1      | Learned a level 3 spell: Call Canine Familiar
  1762 | D:2      | Reached XP level 4. HP: 16/37 MP: 3/7
  1963 | D:2      | Reached skill level 1 in Fighting
  2262 | D:2      | Found a blossoming altar of Fedhas.
  2274 | D:2      | Noticed an oklob plant
  2278 | D:2      | Reached skill level 1 in Short Blades
  2278 | D:2      | Reached skill level 5 in Summonings
  2593 | D:3      | Found a shattered altar of Ashenzari.
  2675 | D:3      | Reached XP level 5. HP: 42/44 MP: 9/9
  2873 | D:3      | Found an ornate altar of the Wu Jian Council.
  3213 | D:3      | Found a glowing golden altar of the Shining One.
  3385 | D:3      | Found a shimmering altar of Xom.
  3398 | D:3      | Reached XP level 6. HP: 44/51 MP: 10/10
  3404 | D:3      | Learned a level 4 spell: Summon Lightning Spire
  3756 | D:3      | Found a hazy altar of Hepliaklqana.
  3756 | D:3      | Found a white marble altar of Elyvilon.
  3831 | D:4      | Noticed a slave
  3831 | D:4      | Noticed a slave
  3831 | D:4      | Noticed a slave
  3831 | D:4      | Noticed a slave
  3833 | D:4      | Noticed Pikel
  3858 | D:4      | Killed a slave
  3875 | D:4      | Killed a slave
  3882 | D:4      | Killed a slave
  4074 | D:4      | Killed a slave
  4152 | D:4      | Found an ancient bone altar of Kikubaaqudgha.
  4168 | D:4      | Killed Pikel
  4168 | D:4      | Reached skill level 1 in Air Magic
  4168 | D:4      | Reached XP level 7. HP: 39/60 MP: 7/12
  4174 | D:4      | Became a worshipper of Kikubaaqudgha
  4444 | D:4      | Noticed Robin
  4445 | D:4      | Noticed Blork the orc
  4466 | D:4      | Killed Blork the orc
  4479 | D:4      | Killed Robin
  4652 | D:4      | Reached skill level 5 in Stealth
  4664 | D:4      | Reached * piety under Kikubaaqudgha
  4664 | D:4      | Identified Kikubaaqudgha's Reference Book on Darkness (Kikubaaqudgha gifted it to you on level 4 of the Dungeon)
  4664 | D:4      | Received a gift from Kikubaaqudgha
  4855 | D:4      | Reached XP level 8. HP: 68/68 MP: 13/13
  5121 | D:5      | Entered Level 5 of the Dungeon
  5135 | D:5      | Found a hazy altar of Hepliaklqana.
  5233 | D:5      | Noticed Duvessa
  5235 | D:5      | Noticed Dowan
  5244 | D:5      | Killed Duvessa
  5248 | D:5      | Killed Dowan
  5354 | D:5      | Found a snail-covered altar of Cheibriados.
  5484 | D:5      | Learned a level 4 spell: Summon Ice Beast
  5703 | D:5      | Reached ** piety under Kikubaaqudgha
  5745 | D:5      | Found a radiant altar of Vehumet.
  6612 | D:6      | Found a burning altar of Makhleb.
  6637 | D:5      | Reached skill level 1 in Staves
  6637 | D:5      | Reached skill level 1 in Ice Magic
  6908 | D:6      | Reached XP level 9. HP: 74/75 MP: 7/15
  6909 | D:6      | Noticed Eustachio
  6924 | D:6      | Killed Eustachio
  6924 | D:6      | Reached *** piety under Kikubaaqudgha
  6924 | D:6      | Identified Kikubaaqudgha's Compendium of Dark Secrets (Kikubaaqudgha gifted it to you on level 6 of the Dungeon)
  6924 | D:6      | Received a gift from Kikubaaqudgha
  6924 | D:6      | Reached skill level 1 in Necromancy
  7378 | D:6      | Found a staircase to the Ecumenical Temple.
  7525 | D:7      | Found a stormy altar of Qazlal.
  7534 | D:7      | Reached skill level 2 in Necromancy
  8157 | D:7      | Learned a level 3 spell: Regeneration
  8716 | D:7      | Reached skill level 3 in Necromancy
  8793 | D:8      | Noticed a two-headed ogre
  8800 | D:8      | Killed a two-headed ogre
  8800 | D:8      | Reached skill level 5 in Spellcasting
  8800 | D:8      | Reached XP level 10. HP: 58/84 MP: 12/17
  8946 | D:8      | Reached skill level 4 in Necromancy
  8953 | D:8      | Reached **** piety under Kikubaaqudgha
  8984 | D:8      | Found an iron altar of Okawaru.
  9022 | D:8      | Noticed a two-headed ogre
  9028 | D:8      | Killed a two-headed ogre
  9112 | D:8      | Reached skill level 5 in Necromancy
  9284 | D:8      | Found Gaonn's Assorted Antiques.
  9296 | D:8      | Noticed Joseph
  9305 | D:8      | Killed Joseph
  9479 | D:8      | Found a staircase to the Lair.
  9568 | D:8      | Found Qadey's Specialty Armours.
  9583 | D:8      | Bought a +0 naga barding of flying for 420 gold pieces
 10081 | D:9      | Reached skill level 6 in Necromancy
 10580 | D:9      | Found a glowing silver altar of Zin.
 10581 | D:9      | Noticed an angel
 10639 | D:9      | Noticed Prince Ribbit
 10646 | D:9      | Killed Prince Ribbit
 10646 | D:9      | Reached skill level 7 in Necromancy
 10696 | D:10     | Entered Level 10 of the Dungeon
 10737 | D:10     | Reached XP level 11. HP: 83/90 MP: 11/18
 11049 | D:10     | Reached ***** piety under Kikubaaqudgha
 11120 | D:10     | Reached skill level 8 in Necromancy
 11218 | D:10     | Got a pair of steaming gloves
 11229 | D:10     | Identified the cursed +0 pair of gloves of the Fife {rElec} (You found it on level 10 of the Dungeon)
 11971 | D:11     | Noticed a cyclops
 11974 | D:11     | Killed a cyclops
 12022 | D:11     | Found the +8 demon blade "Leech" {vamp, rN+ AC-3 EV-3}
 12132 | D:11     | Noticed a wizard
 12138 | D:11     | Noticed an orc sorcerer
 12140 | D:11     | Noticed a four-headed hydra
 12149 | D:11     | Killed a wizard
 12155 | D:11     | Killed a four-headed hydra
 12155 | D:11     | Reached skill level 9 in Necromancy
 12162 | D:11     | Noticed a wizard
 12273 | D:11     | Killed an orc sorcerer
 12273 | D:11     | Reached skill level 1 in Armour
 12279 | D:11     | Killed a wizard
 12659 | D:11     | Noticed an unseen horror
 12666 | D:11     | Killed an unseen horror
 12748 | D:11     | Noticed a six-headed hydra
 12765 | D:11     | Killed a six-headed hydra
 13009 | D:11     | Noticed an orc knight
 13046 | D:11     | Killed an orc knight
 13861 | D:12     | Noticed a white ugly thing
 13874 | D:12     | Killed a white ugly thing
 14000 | D:12     | Learned a level 5 spell: Dispel Undead
 14046 | D:12     | Noticed a cyclops
 14070 | D:12     | Killed a cyclops
 14080 | D:12     | Reached ****** piety under Kikubaaqudgha
 14311 | D:12     | Found a staircase to the Orcish Mines.
 14418 | D:12     | Reached skill level 5 in Dodging
 14536 | D:12     | Reached XP level 12. HP: 100/100 MP: 16/20
 14544 | D:12     | Received a gift from Kikubaaqudgha
 14558 | D:12     | Reached skill level 10 in Necromancy
 15099 | D:13     | Reached skill level 5 in Fighting
 15133 | D:13     | Noticed a centaur warrior
 15258 | D:13     | Killed a centaur warrior
 15365 | D:13     | Reached skill level 10 in Summonings
 15652 | D:13     | Got an encrusted chain mail
 15663 | D:13     | Identified the +4 chain mail of the Moneychanger {-Tele rCorr Int+7} (You found it on level 13 of the Dungeon)
 15682 | D:13     | Found a radiant altar of Vehumet.
 15986 | D:13     | Noticed a centaur warrior
 15997 | D:13     | Reached skill level 11 in Necromancy
 16014 | D:13     | Killed a centaur warrior
 16552 | D:14     | Noticed a centaur warrior
 16563 | D:14     | Killed a centaur warrior
 16568 | D:14     | Reached skill level 12 in Necromancy
 16900 | D:14     | Noticed a two-headed ogre
 16911 | D:14     | Gained mutation: You can use your snake-like lower body to constrict enemies. [Naga growth]
 16911 | D:14     | Reached XP level 13. HP: 104/109 MP: 19/25
 16985 | D:14     | Found a gate to the Vaults.
 17047 | D:14     | Found a shattered altar of Ashenzari.
 18090 | D:15     | Entered Level 15 of the Dungeon
 18989 | D:15     | Noticed Urug
 19010 | D:15     | HP: 4/111 [Urug/javelin (21)]
 19012 | D:15     | Killed Urug
 19015 | D:15     | Noticed an ogre mage
 19412 | D:15     | Reached skill level 10 in Stealth
 19639 | D:15     | Learned a level 5 spell: Bolt of Draining
 19769 | D:15     | Killed an ogre mage
 19878 | D:15     | Found a staircase to the Depths.
 19878 | D:15     | Noticed a frost giant
 20467 | D:15     | Killed from afar by a frost giant

Skill      XL: |  1  2  3  4  5  6  7  8  9 10 11 12 13 |
---------------+----------------------------------------+-----
Fighting       | 1 2 3 4 5 6 |  6.7
Short Blades   | 1 3 4 |  4.0
Summonings     | 5 6 7 9 10 | 10.0
Spellcasting   | 3 4 5 8 9 |  9.8
Dodging        | 2 3 4 5 6 |  6.2
Stealth        | 4 5 6 7 8 10 | 10.5
Air Magic      | 1 3 4 |  4.1
Staves         | 1 2 3 |  3.0
Ice Magic      | 1 3 |  3.0
Necromancy     | 3 7 9 12 | 12.6
Armour         | 2 3 |  3.0
Slings         | |  0.5

Action                   |  1- 3 |  4- 6 |  7- 9 | 10-12 | 13-15 || total
-------------------------+-------+-------+-------+-------+-------++-------
Melee: Short sword       |   106 |    25 |       |       |       ||   131
       Dagger            |       |   110 |   292 |   490 |   191 ||  1083
       Staff             |       |       |       |    30 |       ||    30
       Constrict         |       |       |       |       |    48 ||    48
 Fire: Hunting sling     |     5 |    16 |       |       |       ||    21
 Cast: Summon Small Mamm |    12 |       |     1 |       |       ||    13
       Call Imp          |    11 |    18 |    11 |    11 |     1 ||    52
       Call Canine Famil |     2 |    11 |    13 |    31 |    21 ||    78
       Summon Lightning  |       |       |    20 |    89 |    33 ||   142
       Summon Ice Beast  |       |       |     3 |    14 |    14 ||    31
       Dispel Undead     |       |       |       |    23 |    18 ||    41
       Regeneration      |       |       |       |     7 |     9 ||    16
Invok: Receive Necronomi |       |       |       |     1 |       ||     1
 Abil: Spit Poison       |     2 |     3 |     9 |    13 |     3 ||    30
       Stop Flying       |       |       |       |     1 |       ||     1
Evoke: Wand              |       |       |       |     1 |    10 ||    11
  Use: Scroll            |       |     6 |     8 |    18 |     3 ||    35
       Potion            |       |       |       |     1 |     5 ||     6
 Stab: Sleeping          |     3 |     3 |    17 |    19 |     1 ||    43
       Distracted        |     2 |     1 |     3 |    10 |     4 ||    20
       Invisible         |       |       |       |     5 |       ||     5
  Eat: Chunk             |     1 |    10 |    20 |    33 |    10 ||    74
       Ration            |       |       |       |     5 |     2 ||     7
Armor: Robe              |    26 |    37 |    88 |   274 |    73 ||   498
Dodge: Dodged            |    93 |    67 |   160 |   226 |   105 ||   651
Block: Other             |       |       |       |    61 |    45 ||   106
       Reflection        |       |       |       |     1 |     4 ||     5
